 Dungeon Sprint DCSS version 0.17.2-1-ge4368a0 (webtiles) character file.

2549 mopl the Bludgeoner (level 9, 0/115 HPs)
             Began as an Ogre Berserker on Aug 23, 2016.
             Was a High Priest of Trog.
             Succumbed to a black mamba's poison
             ... in the Dungeon (Sprint IX: "|||||||||||||||||||||||||||||").
             The game lasted 00:03:27 (1104 turns).

mopl the Bludgeoner (Ogre Berserker)                Turns: 1104, Time: 00:03:27

Health: 0/115      AC:  5    Str: 24    XL:     9   Next: 56%
Magic:  9/9        EV: 13    Int:  6    God:    Trog [*****.]
Gold:   0          SH:  0    Dex: 12    Spells: 0 memorised, 8 levels left

rFire  . . .     SeeInvis .     a - +0 morningstar
rCold  . . .     Clarity  .     b - +0 animal skin
rNeg   . . .     SustAt   .     (no shield)
rPois  .         Gourm    .     (helmet restricted)
rElec  .         Spirit   .     (no cloak)
rCorr  .         Warding  .     (gloves unavailable)
rMut   .         NoTele   +     (boots unavailable)
MR     .....                    (no amulet)
Stlth  +.........               o - +2 ring of evasion
                                n - +2 ring of protection

@: lethally poisoned (0 -> -23), exhausted, slowed, very slow, not resistant to
hostile enchantments, very unstealthy
A: unfitting armour, tough skin 1
a: Berserk, Trog's Hand, Brothers in Arms, Burn Spellbooks, Renounce Religion


You were in the Dungeon.
You worshipped Trog.
Trog was extremely pleased with you.
You were not hungry.

You visited 1 branch

Inventory:

Hand Weapons
 a - a +0 morningstar (weapon)
Armour
 b - a +0 animal skin (worn)
Jewellery
 n - a +2 ring of protection (left hand)
 o - a +2 ring of evasion (right hand)
 p - an uncursed ring of poison resistance
Wands
 m - a wand of cold (7)
Scrolls
 i - 4 scrolls of blinking
 l - 4 scrolls of remove curse
 q - 2 scrolls of enchant weapon
 r - 2 scrolls of fog
Potions
 c - a potion of cure mutation {!q}
 d - 7 potions of curing
 e - 6 potions of heal wounds
 f - a potion of degeneration {unknown}
 g - 4 potions of magic
 h - a potion of berserk rage {!q}
 k - a potion of invisibility


   Skills:
 + Level 15.5 Fighting
 - Level 20.0 Maces & Flails
 * Level 3.7 Throwing
 + Level 2.0 Armour
 + Level 3.6 Dodging


You had 8 spell levels left.
You didn't know any spells.

Dungeon Overview and Level Annotations

Branches:
Dungeon (1/1)

Altars:
Cheibriados
Dithmenos
Elyvilon
Fedhas
Gozag
Kikubaaqudgha
Makhleb
Nemelex Xobeh
Okawaru
Qazlal
Ru
Sif Muna
Trog
Vehumet
Xom
Yredelemnul
Zin
The Shining One
Beogh
Jiyva
Lugonu


Innate Abilities, Weirdness & Mutations

You are too large for most types of armour.
You have tough skin (AC +1).


Message History

You hit the black mamba.
You kill the black mamba!
Trog accepts your kill.
Your Throwing skill gained 2 levels and is now at level 3!
Your Armour skill gained 2 levels and is now at level 2!
Your Dodging skill increases to level 3!
You are no longer berserk.
You are exhausted.
You feel yourself slow down.
* * * LOW HITPOINT WARNING * * *
You feel sick.
Your ogre goes berserk!
You feel somewhat more hungry.
* * * LOW HITPOINT WARNING * * *
You feel very sick. The komodo dragon bites you!
* * * LOW HITPOINT WARNING * * *
The komodo dragon misses you.
You swap places.
You die...

▓▓▓▓▓▓▓▓▓▓▓▓▓▓▓▓▓▓▓▓▓▓▓▓▓▓▓▓▓▓▓▓▓
.).[)..'.....'___________________
▓▓▓▓▓▓▓▓▓▓▓▓▓▓▓▓▓▓▓▓▓▓▓▓▓▓▓▓▓▓▓▓▓
..................)....(.........
▓▓▓▓▓▓▓▓▓▓▓▓▓▓▓▓▓▓▓▓▓▓▓▓▓▓▓▓▓▓▓▓▓
...'............@OlFFH...,,+,,,,,
▓▓▓▓▓▓▓▓▓▓▓▓▓▓▓▓▓▓▓▓▓▓▓▓▓********
,,,,,,,,,,,,,,,,,,,,,,,,,,,,,,,,,
*********************************
,,,,,,,,,+,,,,,,,,,,,,,+,,,,,,,,,
*********************************
,,,,,,,,,,,,,,,,,,,,,,,,,,,,,,,,,
*********************************
,,,,,+,,,,,,,,,,,,,,,,,,,,,,,,,,,


You could see a komodo dragon, a hippogriff, 2 giant frogs and a friendly ogre
(berserk).

Vanquished Creatures
  A manticore (D)
  A black mamba (D)
  A spiny frog (D)
  Joseph (D)
  2 trolls (D)
  A yak (D)
  A porcupine (D)
  An orc warrior (D)
  2 crocodiles (D)
  A giant frog (D)
  2 wights (D)
  A crimson imp (D)
  2 worker ants (D)
  An adder skeleton (D)
  A bat skeleton (D)
  A giant cockroach (D)
  A goblin (D)
  2 giant newts (D)
  A jackal skeleton (D)
  2 rats (D)
26 creatures vanquished.

Vanquished Creatures (collateral kills)
  A giant frog (D)
  A quokka (D)
2 creatures vanquished.

Grand Total: 28 creatures vanquished

Notes
Turn   | Place    | Note
--------------------------------------------------------------
     0 | D        | mopl the Ogre Berserker began the quest for the Orb.
     0 | D        | Reached XP level 1. HP: 24/24 MP: 1/1
    16 | D        | Reached ** piety under Trog
    16 | D        | Reached skill level 5 in Maces & Flails
    65 | D        | Noticed a crimson imp
    65 | D        | Noticed a worker ant
    71 | D        | Killed a crimson imp
    71 | D        | Reached *** piety under Trog
    71 | D        | Reached skill level 6 in Fighting
    71 | D        | Reached skill level 8 in Maces & Flails
    71 | D        | Reached XP level 2. HP: 36/36 MP: 2/2
    71 | D        | Reached XP level 3. HP: 44/44 MP: 3/3
    81 | D        | Killed a worker ant
    81 | D        | Reached skill level 7 in Fighting
    81 | D        | Reached skill level 9 in Maces & Flails
    81 | D        | Reached XP level 4. HP: 55/55 MP: 4/4
   215 | D        | Found a glowing silver altar of Zin.
   215 | D        | Found a glowing golden altar of the Shining One.
   215 | D        | Found an ancient bone altar of Kikubaaqudgha.
   215 | D        | Found a basalt altar of Yredelemnul.
   215 | D        | Found a shimmering altar of Xom.
   215 | D        | Found a radiant altar of Vehumet.
   216 | D        | Found an iron altar of Okawaru.
   217 | D        | Found a burning altar of Makhleb.
   218 | D        | Found a deep blue altar of Sif Muna.
   219 | D        | Found a bloodstained altar of Trog.
   220 | D        | Found a sparkling altar of Nemelex Xobeh.
   221 | D        | Found a white marble altar of Elyvilon.
   222 | D        | Found a roughly hewn altar of Beogh.
   223 | D        | Found a viscous altar of Jiyva.
   224 | D        | Found a corrupted altar of Lugonu.
   225 | D        | Found a blossoming altar of Fedhas.
   226 | D        | Found a snail-covered altar of Cheibriados.
   227 | D        | Found a shadowy altar of Dithmenos.
   228 | D        | Found a stormy altar of Qazlal.
   229 | D        | Found an opulent altar of Gozag.
   230 | D        | Found a sacrificial altar of Ru.
   256 | D        | Noticed a yak
   256 | D        | Noticed a troll
   256 | D        | Noticed a giant frog
   256 | D        | Noticed a troll
   256 | D        | Noticed a wight
   261 | D        | Killed a yak
   261 | D        | Reached **** piety under Trog
   261 | D        | Reached skill level 9 in Fighting
   261 | D        | Reached skill level 12 in Maces & Flails
   261 | D        | Reached XP level 5. HP: 67/67 MP: 5/5
   272 | D        | Killed a troll
   272 | D        | Reached skill level 11 in Fighting
   272 | D        | Reached skill level 14 in Maces & Flails
   272 | D        | Reached XP level 6. HP: 23/80 MP: 6/6
   279 | D        | Killed a giant frog
   279 | D        | Reached skill level 15 in Maces & Flails
   279 | D        | Reached XP level 7. HP: 15/88 MP: 7/7
   335 | D        | Killed a troll
   335 | D        | Reached skill level 12 in Fighting
   335 | D        | Reached skill level 16 in Maces & Flails
   340 | D        | Killed a wight
   650 | D        | Noticed a worker ant
   650 | D        | Noticed a manticore
   650 | D        | Noticed an orc warrior
   650 | D        | Noticed a giant frog
   650 | D        | Noticed a wight
   653 | D        | Killed a worker ant
   664 | D        | Killed a manticore
   664 | D        | Reached skill level 13 in Fighting
   664 | D        | Reached skill level 17 in Maces & Flails
   664 | D        | Reached XP level 8. HP: 95/102 MP: 8/8
   669 | D        | Killed an orc warrior
   669 | D        | Reached skill level 18 in Maces & Flails
   675 | D        | Killed a giant frog
   677 | D        | Killed a wight
   888 | D        | Noticed Joseph
   907 | D        | Killed Joseph
   907 | D        | Reached skill level 14 in Fighting
   907 | D        | Reached skill level 19 in Maces & Flails
  1078 | D        | Noticed a crocodile
  1078 | D        | Noticed a spiny frog
  1078 | D        | Noticed a porcupine
  1078 | D        | Noticed a crocodile
  1078 | D        | Noticed a black mamba
  1078 | D        | Noticed a komodo dragon
  1082 | D        | Noticed a giant frog
  1085 | D        | Killed a crocodile
  1085 | D        | Reached ***** piety under Trog
  1085 | D        | Reached XP level 9. HP: 114/114 MP: 9/9
  1089 | D        | Noticed a giant frog
  1090 | D        | Killed a spiny frog
  1090 | D        | Reached skill level 15 in Fighting
  1091 | D        | Killed a porcupine
  1091 | D        | Reached skill level 20 in Maces & Flails
  1093 | D        | Noticed a hippogriff
  1097 | D        | Killed a crocodile
  1097 | D        | Reached skill level 1 in Throwing
  1102 | D        | Killed a black mamba
  1102 | D        | Reached skill level 3 in Throwing
  1102 | D        | Reached skill level 2 in Armour
  1102 | D        | Reached skill level 3 in Dodging
  1103 | D        | HP: 3/115 [komodo dragon (10)]
  1104 | D        | Succumbed to a black mamba's poison

Action                   |  1- 3 |  4- 6 |  7- 9 || total
-------------------------+-------+-------+-------++-------
Melee: Mace              |    32 |    15 |    35 ||    82
       Morningstar       |       |       |    35 ||    35
Invok: Berserk           |     1 |     1 |     4 ||     6
       Brothers in Arms  |       |     1 |     2 ||     3
  Use: Potion            |       |       |     2 ||     2
       Scroll            |       |       |     1 ||     1
  Eat: Chunk             |       |       |     4 ||     4
       Bread ration      |       |       |     1 ||     1
